 Dungeon Crawl Stone Soup version 0.30-b1-5-g8e6c1be481 (webtiles) character file.

Game seed: 10759686555015449975

20036 wingedge the Cleaver (level 12, -7/103 HPs)
             Began as a Demigod Hunter on May 3, 2023.
             Mangled by a minotaur
             ... wielding a +4 glaive of protection
              (36 damage)
             ... in a Gauntlet.
             The game lasted 01:25:08 (10671 turns).

wingedge the Cleaver (Demigod Hunter)              Turns: 10671, Time: 01:25:09

Health: -7/103     AC: 21    Str: 27    XL:     12   Next: 13%
Magic:  15/15      EV: 14    Int:  6    God:
Gold:   517        SH: 12    Dex: 27    Spells: 11/11 levels left

rFire   + + .        a - +5 hand axe of Skirmishing {spect, Fragile rF+ rC+ rN+}
rCold   + + .        o - +0 kite shield of Purpose {+Blink rC+ rN+ Int-5}
rNeg    + + .        c - +2 plate armour {rPois}
rPois   +            s - +0 helmet
rElec   .            A - +2 cloak {Will+}
rCorr   .            m - +0 pair of gloves
SInv    .            (no boots)
Will    ++...        (no amulet) Stlth
                     e - +5 ring of evasion
HPRegen 0.37/turn    L - ring of Pyiroviz {rF+ Str+3 Dex+6}
MPRegen 0.14/turn

%: no teleportation
@: mighty
A: high MP 1, forlorn, divine attributes
a: Evoke Blink


You were in a Gauntlet.
You visited 3 branches of the dungeon, and saw 15 of its levels.
You also visited: Bailey and Gauntlet.

You collected 784 gold pieces.
You spent 267 gold pieces at shops.

Inventory:

Hand Weapons
 a - the +5 hand axe of Skirmishing (weapon) {spect, Fragile rF+ rC+ rN+}
   (You found it on level 3 of the Dungeon)

   rF:        It protects you from fire.
   rC:        It protects you from cold.
   rN:        It protects you from negative energy.
   Fragile:   It will be destroyed if unequipped.
 b - a +0 heavy hand axe
 v - a +0 war axe
 I - a +3 hand axe of venom
Missiles
 N - 2 throwing nets
 O - 15 poisoned darts
Armour
 c - a +2 plate armour of poison resistance (worn)
 m - a +0 pair of gloves (worn)
 o - the +0 kite shield of Purpose (worn) {+Blink rC+ rN+ Int-5}
   (You found it in a bailey)

   Int:       It affects your intelligence (-5).
   rC:        It protects you from cold.
   rN:        It protects you from negative energy.
   +Blink:    It lets you blink.
 s - a +0 helmet (worn)
 A - a +2 cloak of willpower (worn)
 F - a +2 chain mail of positive energy
 T - a +0 leather armour of fire resistance
Jewellery
 e - a +5 ring of evasion (left hand)
 f - a ring of flight
 r - a ring of protection from cold
 D - a ring of wizardry
 G - the amulet "Obrab" {Faith rElec Will- MP+9}
   (You found it in a Gauntlet)

   [amulet of faith]

   It allows you to gain divine favour quickly.
   rElec:     It insulates you from electricity.
   MP:        It affects your magic capacity (+9).
   Will:      It decreases your willpower.
 L - the ring of Pyiroviz (right hand) {rF+ Str+3 Dex+6}
   (You found it on level 9 of the Dungeon)

   [ring of dexterity]

   Str:       It affects your strength (+3).
   Dex:       It affects your dexterity (+6).
   rF:        It protects you from fire.
Wands
 g - a wand of acid (20)
 u - a wand of digging (9)
 H - a wand of flame (26)
 Q - a wand of mindburst (6)
Scrolls
 k - 2 scrolls of magic mapping
 l - 7 scrolls of teleportation
 n - a scroll of fear
 q - a scroll of enchant armour
 x - 2 scrolls of poison
 y - 5 scrolls of vulnerability
 K - 2 scrolls of amnesia
Potions
 h - 2 potions of ambrosia
 i - 3 potions of flight
 j - 2 potions of might
 p - 2 potions of lignification
 t - a potion of haste {unknown}
 w - 7 potions of curing
 z - a potion of attraction {unknown}
 B - 2 potions of mutation {unknown}
 E - 2 potions of cancellation {unknown}
 J - a potion of brilliance {unknown}
 M - a potion of resistance {unknown}
 R - a potion of magic {unknown}
 S - a potion of invisibility {unknown}
Miscellaneous
 d - a lightning rod (4/4) (quivered)


   Skills:
 + Level 8.5 Fighting
 + Level 12.1 Axes
 - Level 5.5 Ranged Weapons
 + Level 5.8 Throwing
 - Level 7.0 Armour
 - Level 4.0 Dodging
 - Level 2.0 Stealth
 - Level 4.0 Shields
 - Level 0.8 Transmutations
 + Level 3.5 Evocations


You had 11 spell levels left.
You didn't know any spells.
Your spell library contained the following spells:

 Spells                   Type           Power      Damage    Failure   Level
 Beastly Appendage        Tmut           2%         N/A       100%        1
 Shock                    Conj/Air       0%         1d3       100%        1
 Summon Small Mammal      Summ           0%         N/A       100%        1
 Static Discharge         Conj/Air       0%         2-2/arc   100%        2
 Wereblood                Tmut           1%         N/A       100%        2
 Call Canine Familiar     Summ           0%         N/A       100%        3
 Frozen Ramparts          Ice            0%         1d1       100%        3
 Ignite Poison            Fire/Tmut/Pois 0%         N/A       100%        3
 Spider Form              Tmut/Pois      0%         N/A       100%        3
 Summon Guardian Golem    Hex/Summ       0%         N/A       100%        3
 Swiftness                Air            0%         N/A       100%        3
 Volatile Blastmotes      Fire/Tloc      0%         2d10      100%        3
 Airstrike                Air            0%         2d(0-16)  100%        4
 Fulminant Prism          Conj/Hex       0%         3d5       100%        4
 Ice Form                 Ice/Tmut       0%         N/A       100%        4
 Iskenderun's Mystic Bla  Conj/Tloc      0%         2d3       100%        4
 Sticky Flame             Conj/Fire      0%         2d3       100%        4
 Summon Ice Beast         Ice/Summ       0%         N/A       100%        4
 Summon Lightning Spire   Summ/Air       0%         N/A       100%        4
 Lee's Rapid Deconstruct  Erth           0%         3d4*      100%        5
 Ignition                 Fire           0%         3d3       100%        8


Dungeon Overview and Level Annotations

Branches:
Dungeon (12/15)            Temple (1/1) D:4            Lair (2/5) D:10
  Swamp (0/4) Lair:2       Spider (0/4) Lair:2          Orc (0/2) D:9
 Bailey (visited)         Gauntlet (1/1)

Shops:
D:6 **   D:7 :   D:8 ?

Annotations:
Lair:2 1 exclusion Gauntlet 8 transporters, 1 runed translucent door


Innate Abilities, Weirdness & Mutations

You have an increased reservoir of magic. (+10% MP)
You shall have no god before yourself.
Your divine heritage dramatically boosts your attributes as you level up.


Message History

The minotaur hits you with a +4 glaive of protection!!
The minotaur gores you but does no damage.
You feel very mighty all of a sudden.
Your +5 hand axe of Skirmishing {spect, Fragile rF+ rC+ rN+} disappears.
The minotaur completely misses you. The minotaur barely misses you.
You closely miss the minotaur.
The minotaur is lightly wounded.
Your +5 hand axe of Skirmishing {spect, Fragile rF+ rC+ rN+} hits the minotaur.
You hit the minotaur.
The minotaur is lightly wounded.
Your +5 hand axe of Skirmishing {spect, Fragile rF+ rC+ rN+} hits the minotaur but does no damage.
The minotaur hits you with a +4 glaive of protection!
You block the minotaur's attack.
You hit the minotaur but do no damage.
The minotaur is lightly wounded.
Your +5 hand axe of Skirmishing {spect, Fragile rF+ rC+ rN+} hits the minotaur!!
You block the minotaur's attack. The minotaur misses you.
You barely miss the minotaur.
The minotaur furiously retaliates!
The minotaur headbutts you, but does no damage.
The minotaur is moderately wounded.
Your +5 hand axe of Skirmishing {spect, Fragile rF+ rC+ rN+} hits the minotaur.
The minotaur hits you with a +4 glaive of protection!!
The minotaur gores you.
* * * LOW HITPOINT WARNING * * *
Okay, then.
Throw: dart (curare)
Press: ? - help, Shift-Dir - straight line, f - minotaur
Aim: a minotaur, wielding a +4 glaive of protection, wearing a +0 chain mail and quivering silver javelins (moderately wounded, 79% to hit)
You throw a curare-tipped dart.
The curare-tipped dart hits the minotaur.
The minotaur is poisoned.
The minotaur convulses.
The minotaur seems to slow down.
The minotaur is heavily wounded.
Your +5 hand axe of Skirmishing {spect, Fragile rF+ rC+ rN+} disappears.
You barely miss the minotaur.
The minotaur furiously retaliates!
The minotaur headbutts you, but does no damage.
The minotaur is heavily wounded.
Your +5 hand axe of Skirmishing {spect, Fragile rF+ rC+ rN+} hits the minotaur.
The minotaur hits you with a +4 glaive of protection!!!
You die...

$#..P♣.#...#.#....####.#
3#...P.#.©.#.#.##....#.#
3#.....#...#.#.# ###.#.#
##.....#.©.#.#.# .⌠# #.#
....∩..#.....#.# ∩.# #.#
##.....#.©.#.#.# .⌠ #.#
.#.....#...#.#.# .##.#.#
.#.....#.©.#.#.##H...#.#
.#...♣.#...#.#..@(####.#
##.P...#.♣.#.######....#
©#.♣..##...#........####
[#...###.♣.##########
w#...≈##...#
##...≈≈##### ...♣.≈##
##.P.## .#...≈##


You could see a minotaur (very poisoned, slow) and a friendly +5 hand axe of
Skirmishing {spect, Fragile rF+ rC+ rN+}.

Vanquished Creatures
  Erolcha (D:10)
  2 two-headed ogres
  An alligator (D:11)
  A hell hog (Gauntlet)
  A tengu warrior (Gauntlet)
  A sixfirhy (Gauntlet)
  An orc knight (Bailey)
  A cyclops (D:11)
  A black mamba (Lair:1)
  Joseph (D:7)
  5 cane toads (Lair:1)
  2 tengu conjurers (Gauntlet)
  A polar bear (Lair:1)
  2 trolls (D:11)
  Grinder (D:5)
  A hornet (D:11)
  A wraith (D:10)
  14 yaks
  5 wyverns
  A basilisk (Lair:1)
  3 fire bats (Gauntlet)
  3 steam dragons
  Eustachio (D:6)
  4 vampire mosquitoes (D:11)
  Menkaure (D:7)
  2 wargs (D:9)
  2 acid dragons
  Duvessa (D:6)
  8 water moccasins
  3 hell hounds (Gauntlet)
  6 black bears
  6 orc warriors
  An ogre (D:3)
  6 centaurs
  A phantom (D:5)
  11 bullfrogs
  2 kobold brigands
  2 gnoll sergeants (D:9)
  3 scorpions
  8 wights
  Dowan (D:6)
  13 killer bees
  An electric eel (Lair:2)
  3 howler monkeys
  2 quasits (D:6)
  Crazy Yiuf (D:5)
  6 orc priests
  6 hounds
  14 orc wizards
  2 gnoll boudas
  Terence (D:2)
  4 iguanas
  20 gnolls
  9 adders
  A shadow imp (D:7)
  A white imp (D:5)
  5 ufetubi
  A worm (D:5)
  49 orcs
  7 endoplasms
  8 goblins
  7 hobgoblins
  4 quokkas
  9 ball pythons
  3 bats
  4 frilled lizards (D:1)
  14 kobolds
  13 rats
  A butterfly (Lair:1)
328 creatures vanquished.

Vanquished Creatures (others)
  42 fungi
  38 plants
  2 spectral weapons (Gauntlet)
82 creatures vanquished.

Grand Total: 410 creatures vanquished

Notes
Turn   | Place    | Note
-------+----------+-------------------------------------------
     0 | D:1      | wingedge the Demigod Hunter began the quest for the Orb.
     0 | D:1      | Reached XP level 1. HP: 17/17 MP: 3/3
   222 | D:1      | Reached XP level 2. HP: 24/24 MP: 4/4
   842 | D:2      | Reached XP level 3. HP: 24/29 MP: 5/5
   905 | D:2      | Noticed Terence
  1492 | D:3      | Noticed an ogre
  1565 | D:3      | Reached skill level 5 in Ranged Weapons
  1565 | D:3      | Reached skill level 1 in Stealth
  1596 | D:3      | Reached XP level 4. HP: 24/37 MP: 6/6
  1747 | D:2      | Killed Terence
  2179 | D:3      | Reached XP level 5. HP: 34/45 MP: 7/7
  2368 | D:3      | Identified the +5 hand axe of Skirmishing {spect, Fragile
                  | rF+ rC+ rN+}
  2393 | D:3      | Killed an ogre
  2394 | D:3      | Reached skill level 2 in Axes
  2707 | D:4      | Found a staircase to the Ecumenical Temple.
  2714 | Temple   | Entered the Ecumenical Temple
  2986 | D:4      | Reached XP level 6. HP: 47/51 MP: 8/8
  3145 | D:5      | Entered Level 5 of the Dungeon
  3160 | D:5      | Reached skill level 3 in Axes
  3256 | D:5      | Noticed Grinder
  3269 | D:5      | Killed Grinder
  3270 | D:5      | Reached skill level 4 in Axes
  3409 | D:5      | Reached XP level 7. HP: 57/57 MP: 9/9
  3634 | D:5      | Reached skill level 5 in Axes
  3702 | D:5      | Reached skill level 1 in Armour
  3920 | D:5      | Reached skill level 6 in Axes
  3987 | D:5      | Found a runed translucent door.
  3988 | D:5      | Noticed Crazy Yiuf
  3996 | D:5      | Killed Crazy Yiuf
  4241 | D:6      | Reached XP level 8. HP: 60/66 MP: 10/10
  4341 | D:6      | Noticed Eustachio
  4347 | D:6      | Killed Eustachio
  4348 | D:6      | Reached skill level 7 in Axes
  4454 | D:6      | Noticed Duvessa
  4495 | D:6      | Noticed Dowan
  4517 | D:6      | Killed Duvessa
  4518 | D:6      | Reached skill level 8 in Axes
  4523 | D:6      | Killed Dowan
  4794 | D:6      | Reached skill level 1 in Throwing
  4833 | D:6      | Found Raolonab's General Store.
  4839 | D:6      | Reached XP level 9. HP: 71/71 MP: 11/11
  4842 | D:6      | Found Zepnah's Specific Store.
  4865 | D:6      | Bought a scroll of blinking for 105 gold pieces
  4906 | D:7      | Found Bull's Tiny Tomes.
  4946 | D:7      | Noticed Menkaure
  4956 | D:7      | Killed Menkaure
  4957 | D:7      | Reached skill level 5 in Armour
  4957 | D:7      | Reached skill level 1 in Evocations
  4999 | D:7      | Noticed Joseph
  5011 | D:7      | Killed Joseph
  5012 | D:7      | Reached skill level 9 in Axes
  5082 | D:7      | Reached skill level 5 in Fighting
  5103 | D:7      | Reached skill level 1 in Shields
  5215 | D:7      | Found a flagged portal.
  5233 | Bailey   | Entered a bailey
  5391 | Bailey   | Noticed an orc knight
  5411 | Bailey   | Killed an orc knight
  5576 | Bailey   | Identified the +0 kite shield of Purpose {+Blink rC+ rN+
                  | Int-5}
  6063 | D:8      | Reached XP level 10. HP: 75/81 MP: 13/13
  6634 | D:8      | Found Omaogerysa's Magic Scroll Boutique.
  6643 | D:8      | Bought a scroll of fear for 48 gold pieces
  6643 | D:8      | Bought a scroll of identify for 24 gold pieces
  6643 | D:8      | Bought a scroll of blinking for 90 gold pieces
  6957 | D:9      | Identified the ring of Pyiroviz {rF+ Str+3 Dex+6}
  7000 | D:9      | Reached skill level 10 in Axes
  7270 | D:9      | Found a staircase to the Orcish Mines.
  7728 | D:10     | Entered Level 10 of the Dungeon
  7734 | D:10     | Noticed Erolcha
  7745 | D:10     | Killed Erolcha
  7857 | D:10     | Found a staircase to the Lair.
  8374 | D:10     | Noticed a two-headed ogre
  8391 | D:10     | Killed a two-headed ogre
  8392 | D:10     | Reached XP level 11. HP: 90/91 MP: 14/14
  8509 | D:11     | Noticed a two-headed ogre
  8520 | D:11     | Killed a two-headed ogre
  8646 | D:11     | You fall into a shaft and drop 1 floor!
  8682 | D:11     | Noticed a four-headed hydra
  8685 | D:11     | a four-headed hydra changed into an alligator
  8685 | D:11     | Noticed an alligator
  8694 | D:11     | Killed an alligator
  9232 | Lair:1   | Entered Level 1 of the Lair of Beasts
  9336 | Lair:1   | Reached skill level 5 in Throwing
  9364 | Lair:1   | Reached skill level 11 in Axes
  9877 | Lair:2   | Noticed an eight-headed hydra
  9896 | Lair:2   | a nine-headed hydra changed into something unseen
  9951 | Lair:2   | Found a gate leading to a gauntlet.
  9961 | Gauntlet | Entered a Gauntlet
  9961 | Gauntlet | Found a transporter.
  9964 | Gauntlet | Noticed a sixfirhy
  9969 | Gauntlet | Found a transporter.
  9971 | Gauntlet | Found a transporter.
  9987 | Gauntlet | Found a transporter.
  9989 | Gauntlet | Found a transporter.
 10000 | Gauntlet | Found a transporter.
 10015 | Gauntlet | Noticed a sixfirhy
 10016 | Gauntlet | Found a transporter.
 10020 | Gauntlet | Found a transporter.
 10029 | Gauntlet | Noticed a sixfirhy
 10031 | Gauntlet | Noticed a sixfirhy
 10037 | Gauntlet | Found a runed translucent door.
 10041 | Gauntlet | Found a transporter.
 10047 | Gauntlet | Found a transporter.
 10066 | Gauntlet | Noticed a tengu warrior
 10069 | Gauntlet | Found a transporter.
 10069 | Gauntlet | Found a transporter.
 10099 | Gauntlet | Found a transporter.
 10102 | Gauntlet | Noticed a hell hog
 10103 | Gauntlet | Found a transporter.
 10183 | Gauntlet | Killed a sixfirhy
 10303 | Gauntlet | Reached XP level 12. HP: 102/102 MP: 15/15
 10316 | Gauntlet | Reached skill level 12 in Axes
 10609 | Gauntlet | Identified the amulet "Obrab" {Faith rElec Will- MP+9}
 10660 | Gauntlet | Noticed a minotaur
 10671 | Gauntlet | Mangled by a minotaur

Illustrated notes

Levels and vault maps discovered:
D:1:      tarquinn_simple_flora_water_f, layout_basic, st_stairs_10,
          serial_bayou_pond_e, chequers_serial_rivers_room_a
D:2:      layout_basic, serial_rivers, chequers_serial_rivers_small_b,
          chequers_serial_rivers_room_a, chequers_serial_rivers_micro_e,
          chequers_serial_rivers_micro_e, ebering_ecumenical_altar_sacrificial,
          uniq_terence
D:3:      layout_rooms, minmay_misc_feat_four_crosses
D:4:      layout_rooms, minmay_temple_entry_nine_rooms
D:5:      layout_loops_ring, nrook_pool_corridor, uniq_grinder,
          uniq_crazy_yiuf_cottage
D:6:      cheibrodos_quashed, layout_rooms, nrook_loot_triangle,
          nicolae_specific_store, uniq_duvessa, uniq_eustachio
D:7:      layout_basic, enter_bailey_4, nicolae_shop_i_like_small_books_too,
          uniq_menkaure, uniq_joseph
D:8:      layout_gridville, minitemple, serial_shops, nicolae_shop_rolled_up
D:9:      layout_basic, erik_orc_4, serial_corexii_hall, corexii_hall_statues_l,
          chequers_hall_statues_y, corexii_hall_statues_x,
          chequers_hall_statues_corner_a, kennysheep_generic_room_15
D:10:     layout_loops_corners, mainiacjoe_overflow_tiny_flanked,
          due_lair_maze_entry_diamond, uniq_erolcha
D:11:     layout_rooms
D:12:     layout_irregular_city, minivault_16
Temple:   kb_temple_of_zot
Lair:1:   layout_gridlike, beast_lair_carwin_7, lemuel_fruit_fields
Lair:2:   layout_gridlike, minmay_swamp_entry_worms,
          nicolae_spider_entry_orb_guardian, gauntlet_entry_generic,
          gammafunk_ghost_arena, serial_bayou_lagoon_b
Gauntlet: minmay_gauntlet_77_tree [minmay_gauntlet_arena_77_braids,
          minmay_gauntlet_arena_77_box, minmay_gauntlet_arena_77_squiggly,
          minmay_gauntlet_arena_77_hold_the_fort, minmay_gauntlet_arena_77_path,
          minmay_gauntlet_arena_77_two_lines,
          minmay_gauntlet_arena_77_terracotta_army,
          dreamdust_gauntlet_exit_labyrinth]

Skill      XL: |  1  2  3  4  5  6  7  8  9 10 11 12 |
---------------+-------------------------------------+-----
Ranged Weapons | 4 5 |  5.5
Fighting       | 2 3 4 5 6 8 |  8.5
Dodging        | 2 3 4 |  4.0
Stealth        | 1 2 |  2.0
Axes           | 2 4 6 8 9 10 11 12 | 12.1
Armour         | 3 4 6 7 |  7.0
Throwing       | 1 2 3 5 |  5.8
Evocations     | 1 2 3 |  3.5
Shields        | 1 4 |  4.0
Transmutations | |  0.8

Action                     |  1- 3 |  4- 6 |  7- 9 | 10-12 || total
---------------------------+-------+-------+-------+-------++-------
  Melee: Hand axe          |       |    49 |   277 |   428 ||   754
   Fire: Shortbow          |   117 |    33 |       |       ||   150
  Throw: Dart              |       |    12 |    17 |     9 ||    38
         Throwing net      |       |       |       |     1 ||     1
         Javelin           |       |       |       |     4 ||     4
  Evoke: Wand              |       |       |     3 |     7 ||    10
    Use: Scroll            |     1 |     7 |       |    13 ||    21
         Potion            |       |     2 |       |     4 ||     6
   Stab: Sleeping          |       |     1 |     1 |       ||     2
         Distracted        |       |       |     3 |    16 ||    19
 Armour: Leather armour    |     6 |     1 |       |       ||     7
         Ring mail         |       |     1 |    19 |       ||    20
         Chain mail        |       |       |    51 |       ||    51
         Plate armour      |       |       |     4 |   139 ||   143
  Dodge: Dodged            |    28 |    42 |   146 |   163 ||   379
  Block: Buckler           |       |     5 |    48 |       ||    53
         Kite shield       |       |       |     3 |   219 ||   222
